 Dungeon Crawl Stone Soup version 0.22-a0-422-g9628fc8 (webtiles) character file.

12899 iamserjio the Geomancer (level 11, 16/99 HPs)
             Began as a Deep Dwarf Earth Elementalist on May 22, 2018.
             Was a Priest of Makhleb.
             Quit the game on level 11 of the Dungeon.
             The game lasted 00:53:36 (18866 turns).

iamserjio the Geomancer (DDEE)                     Turns: 18866, Time: 00:53:37

Health: 16/99      AC:  9    Str: 12    XL:     11   Next: 68%
Magic:  1/15       EV: 16    Int: 24    God:    Makhleb [***...]
Gold:   338        SH:  0    Dex: 13    Spells: 10/21 levels left

rFire    + . .     SeeInvis .   c - +2 rapier of Dividends {venom, *Contam MR++}
rCold    . . .     Gourm    .   (no shield)
rNeg     . . .     Faith    .   w - +1 leather armour {rF+}
rPois    +         Spirit   .   (no helmet)
rElec    .         Reflect  .   u - +1 cloak
rCorr    .         Harm     .   f - +0 pair of gloves
MR       +++..                  J - +0 pair of boots "Toosiec" {Int+5}
Stlth    ++........             (no amulet)
HPRegen  0.00/turn              v - ring of wizardry
MPRegen  0.14/turn              q - ring of poison resistance

@: non-regenerating
A: damage resistance, heal wounds, sense surroundings 2, no regeneration
a: Heal Wounds, Minor Destruction, Lesser Servant of Makhleb, Renounce Religion


You were on level 11 of the Dungeon.
You worshipped Makhleb.
Makhleb was most pleased with you.
You were very hungry.

You visited 2 branches of the dungeon, and saw 12 of its levels.

You collected 857 gold pieces.
You spent 519 gold pieces at shops.

Inventory:

Hand Weapons
 c - the +2 rapier of Dividends (weapon) {venom, *Contam MR++}
   (You found it on level 5 of the Dungeon)

   It poisons the flesh of those it strikes.
   It affects your resistance to hostile enchantments.
   It causes magical contamination when unequipped.
 y - a +0 flail of draining
 D - a +1 war axe of freezing
 F - a cursed +1 war axe
 O - a +2 war axe
 P - a +3 hand axe
Missiles
 g - 10 stones (quivered)
Armour
 f - a +0 pair of gloves (worn)
 o - a +2 scale mail of positive energy
 u - a +1 cloak (worn)
 w - a +1 leather armour of fire resistance (worn)
 E - a +0 robe of magic resistance
 J - the +0 pair of boots "Toosiec" (worn) {Int+5}
   (You bought it in a shop on level 6 of the Dungeon)

   It affects your intelligence (+5).
 Q - a +2 robe of positive energy
 U - a +2 pair of gloves
Jewellery
 q - a ring of poison resistance (right hand)
 v - a ring of wizardry (left hand)
Wands
 b - a wand of polymorph (9)
 r - a wand of enslavement (6)
 s - a wand of paralysis (12)
 L - a wand of digging (10)
 N - a wand of flame (25)
Scrolls
 a - a scroll of noise {unknown}
 e - 4 scrolls of remove curse
 i - 3 scrolls of immolation
 k - a scroll of teleportation
 l - 3 scrolls of fear
 m - 2 scrolls of magic mapping {unknown}
 p - 6 scrolls of amnesia
 z - a scroll of vulnerability {unknown}
 C - 2 scrolls of fog
 G - a scroll of acquirement {unknown}
 H - a scroll of random uselessness {unknown}
 M - 3 scrolls of identify
Potions
 h - 2 potions of haste
 j - 2 potions of curing {unknown}
 n - 3 potions of heal wounds {unknown}
 x - 2 potions of flight {unknown}
 A - a potion of mutation {unknown}
 B - 3 potions of lignification {unknown}
 I - a potion of berserk rage {unknown}
 K - a potion of resistance
Miscellaneous
 R - a lightning rod (2/4)
 S - a phantom mirror
 T - a lamp of fire (inert)
Comestibles
 d - 13 rations
 t - 2 chunks of flesh


   Skills:
 + Level 6.9 Fighting
 - Level 6.0 Armour
 + Level 8.9 Dodging
 - Level 2.4 Stealth
 + Level 5.8 Spellcasting
 - Level 0.8 Transmutations
 * Level 13.5 Earth Magic
 * Level 9.7 Invocations


You had 10 spell levels left.
You knew the following spells:

 Your Spells              Type           Power        Failure   Level  Hunger
a - Sandblast             Erth           ######       1%          1    None
b - Stone Arrow           Conj/Erth      #####.       1%          3    #......
c - Passwall              Tmut/Erth      #####.....   1%          2    None
d - Lee's Rapid Deconstr  Erth           ######....   1%          5    #####..

Your spell library contained the following spells:

 Spells                   Type           Power        Failure   Level  Hunger
 Spider Form              Tmut/Pois      #.........   11%         3    #......
 Blade Hands              Tmut           ##........   58%         5    #####..
 Ice Form                 Ice/Tmut       #.......     32%         4    ###....
 Sticks to Snakes         Tmut           ##......     4%          2    None
 Petrify                  Tmut/Erth      #####...     1%          4    ###....
 Beastly Appendage        Tmut           ##....       2%          1    None


Dungeon Overview and Level Annotations

Branches:
Dungeon (11/15)            Temple (1/1) D:7            Lair (0/6) D:9
    Orc (0/2) D:9

Altars:
Cheibriados
Dithmenos
Elyvilon
Gozag
Hepliaklqana
Kikubaaqudgha
Makhleb
Nemelex Xobeh
Okawaru
Qazlal
Ru
Sif Muna
Trog
Uskayaw
Vehumet
Wu Jian
Yredelemnul
Zin

Shops:
D:4 [   D:6 [=%*:

Annotations:
D:5 azzavlup's ghost, novice DrSk


Innate Abilities, Weirdness & Mutations

You are resistant to damage.
You can heal yourself by infusing magical energy.
You passively map the area around you.
You do not regenerate.


Message History

The skeletal warrior hits you with a mace!!
* * * LOW HITPOINT WARNING * * *
Casting: Lee's Rapid Deconstruction (safe; 1% risk of failure)
Confirm with . or Enter, or press ? or * to list all spells.
Aiming: Lee's Rapid Deconstruction (safe; 1% risk of failure)
Press: ? - help, Dir - move target cursor, f - skeletal warrior Fragment what (e.g. wall or brittle monster)?: a skeletal warrior, wielding a mace (moderately damaged)
Okay, then.
Casting: Lee's Rapid Deconstruction (safe; 1% risk of failure)
Confirm with . or Enter, or press ? or * to list all spells.
Aiming: Lee's Rapid Deconstruction (safe; 1% risk of failure)
Press: ? - help, Dir - move target cursor The wall shatters!
The blast of rock fragments hits the skeletal warrior.
The skeletal warrior is heavily damaged.
The skeletal warrior hits you with a mace.
* * * LOW HITPOINT WARNING * * *
Quiver which item? (- for none, * to show all) (? for menu, Esc to quit)
Okay, then.
Are you sure you want to abandon this character and quit the game? (Confirm with "yes".)

* * , , * , , *## ,
#############..#### ####
...........@z.....# #..# , .
#...........##..>.# #..#
###.##...........##....# #..#
.... #...........##....# #..#
...# #...........##....# #..#
...# #...........#.....# #..#
...# #...........##....###..#####
...###...........................
......[.).[...........<..........


You could see a skeletal warrior.

Vanquished Creatures
  Erolcha (D:11)
  A hydra (D:11)
  3 two-headed ogres
  A wizard (D:10)
  An orc knight (D:10)
  A troll (D:11)
  A queen bee (D:8)
  Grinder (D:5)
  A hippogriff (D:7)
  2 wyverns
  A shadow (D:11)
  2 wraiths
  3 yaks (D:8)
  A steam dragon (D:9)
  Menkaure (D:7)
  Edmund (D:6)
  A soldier ant (D:11)
  4 orc warriors
  2 sky beasts
  A black bear (D:9)
  2 necrophages
  4 phantoms
  4 ogres
  3 centaurs
  A crocodile (D:9)
  2 big kobolds
  4 bullfrogs
  A wyvern skeleton (D:8)
  5 scorpions
  2 wights (D:10)
  31 killer bees
  A howler monkey (D:6)
  5 crimson imps
  A bullfrog zombie (D:6)
  4 hounds
  Crazy Yiuf (D:4)
  2 jellies
  18 orc wizards
  3 bullfrog skeletons
  9 orc priests
  3 centaur skeletons
  Ijyb (D:3)
  Terence (D:3)
  4 iguanas
  11 worker ants
  A killer bee zombie (D:5)
  A hound skeleton (D:10)
  5 hound zombies
  7 adders
  3 shadow imps
  An adder skeleton (D:5)
  4 worms
  2 dart slugs
  4 leopard geckos
  46 orcs
  3 ball pythons
  6 giant cockroaches
  8 goblins
  7 hobgoblins
  13 jackals
  4 quokkas
  12 bats
  5 frilled lizards
  A jackal skeleton (D:6)
  11 kobolds
  A leopard gecko zombie (D:4)
  A quokka skeleton (D:9)
  2 quokka zombies (D:6)
  5 rats (D:3)
306 creatures vanquished.

Vanquished Creatures (collateral kills)
  An orc wizard (D:6)
  An orc priest (D:6)
  2 orcs (D:6)
4 creatures vanquished.

Vanquished Creatures (others)
  An orc priest (D:6)
  An orc wizard (D:6)
2 creatures vanquished.

Grand Total: 312 creatures vanquished

Notes
Turn   | Place    | Note
-------+----------+-------------------------------------------
     0 | D:1      | iamserjio the Deep Dwarf Earth Elementalist began the quest for the Orb.
     0 | D:1      | Reached XP level 1. HP: 15/15 MP: 3/3
   407 | D:1      | Reached XP level 2. HP: 20/22 MP: 1/4
  1152 | D:2      | Reached XP level 3. HP: 7/28 MP: 2/6
  1227 | D:2      | HP: 1/28 [adder (2)]
  1229 | D:2      | Reached skill level 5 in Earth Magic
  1917 | D:3      | Reached XP level 4. HP: 29/36 MP: 4/7
  1935 | D:3      | Reached skill level 6 in Earth Magic
  2005 | D:3      | Reached XP level 5. HP: 6/42 MP: 8/8
  2014 | D:3      | Learned a level 3 spell: Stone Arrow
  2017 | D:3      | Learned a level 2 spell: Passwall
  2063 | D:3      | Noticed Terence
  2594 | D:3      | Killed Terence
  3018 | D:3      | Noticed Ijyb
  3043 | D:3      | Killed Ijyb
  3793 | D:4      | Reached skill level 1 in Fighting
  3793 | D:4      | Reached XP level 6. HP: 18/51 MP: 1/10
  4112 | D:4      | Found a runed door.
  4116 | D:4      | Noticed Crazy Yiuf
  4120 | D:4      | Killed Crazy Yiuf
  4120 | D:4      | Reached skill level 7 in Earth Magic
  4869 | D:4      | Reached XP level 7. HP: 20/58 MP: 1/11
  5577 | D:4      | Found Nufoicw's Armour Boutique.
  5584 | D:4      | Bought a +1 leather armour of fire resistance for 140 gold pieces
  5625 | D:4      | Reached skill level 8 in Earth Magic
  5734 | D:5      | Entered Level 5 of the Dungeon
  5992 | D:5      | Noticed azzavlup's ghost (novice DrSk)
  6279 | D:5      | Learned a level 5 spell: Lee's Rapid Deconstruction
  6305 | D:5      | Got a scorched rapier
  6306 | D:5      | Identified the cursed +2 rapier of Dividends {venom, *Contam MR++} (You found it on level 5 of the Dungeon)
  6431 | D:5      | Noticed Grinder
  6441 | D:5      | Killed Grinder
  6441 | D:5      | Reached skill level 5 in Dodging
  6441 | D:5      | Reached skill level 9 in Earth Magic
  6441 | D:5      | Reached XP level 8. HP: 47/68 MP: 0/13
  7756 | D:6      | Found Juefaph's Jewellery Emporium.
  7788 | D:6      | Reached skill level 10 in Earth Magic
  7858 | D:6      | Reached skill level 1 in Armour
  8350 | D:6      | Found Nupnet Eqec's Assorted Antiques.
  8350 | D:6      | Found Huelud's Food Shop.
  8358 | D:6      | Bought a scroll labeled WYEMOM LUUTUSUGO for 26 gold pieces
  8358 | D:6      | Bought a puce potion for 23 gold pieces
  8616 | D:6      | Noticed Edmund
  8633 | D:6      | Killed Edmund
  8633 | D:6      | Gained mutation: You passively map the area around you. [Deep Dwarf growth]
  8633 | D:6      | Reached XP level 9. HP: 29/79 MP: 14/14
  8760 | D:6      | Found Waewung's Book Shoppe.
  9152 | D:6      | Found Ibbufum's Armour Emporium.
  9985 | D:7      | Reached skill level 11 in Earth Magic
 10004 | D:7      | Found a staircase to the Ecumenical Temple.
 10014 | Temple   | Entered the Ecumenical Temple
 10022 | Temple   | Became a worshipper of Makhleb the Destroyer
 10097 | D:7      | Reached skill level 1 in Invocations
 10148 | D:7      | Noticed Menkaure
 10149 | D:7      | Reached skill level 5 in Fighting
 10170 | D:7      | Killed Menkaure
 11075 | D:6      | Bought the +0 pair of boots "Toosiec" {Int+5} for 330 gold pieces
 11651 | D:8      | Reached * piety under Makhleb
 11732 | D:8      | Reached XP level 10. HP: 44/88 MP: 3/14
 12339 | D:8      | Reached skill level 5 in Invocations
 13326 | D:8      | Found a bloodstained altar of Trog.
 13514 | D:9      | Noticed a two-headed ogre
 13541 | D:9      | Reached skill level 5 in Armour
 13555 | D:9      | Found a sparkling altar of Nemelex Xobeh.
 14062 | D:9      | Found a staircase to the Lair.
 14217 | D:9      | Reached skill level 12 in Earth Magic
 14272 | D:9      | Reached ** piety under Makhleb
 14306 | D:9      | Killed a two-headed ogre
 14306 | D:9      | Reached skill level 5 in Spellcasting
 14773 | D:9      | Found a staircase to the Orcish Mines.
 15160 | D:10     | Entered Level 10 of the Dungeon
 15182 | D:10     | Noticed a wizard
 15182 | D:10     | Noticed an orc knight
 15192 | D:10     | Killed an orc knight
 15193 | D:10     | Killed a wizard
 15193 | D:10     | Reached XP level 11. HP: 60/97 MP: 1/14
 17391 | D:11     | Noticed Erolcha
 17557 | D:11     | Killed Erolcha
 17557 | D:11     | Reached skill level 13 in Earth Magic
 17657 | D:11     | Reached *** piety under Makhleb
 17897 | D:11     | Noticed a seven-headed hydra
 18391 | D:11     | Noticed a two-headed ogre
 18397 | D:11     | Killed a two-headed ogre
 18550 | D:11     | Noticed a skeletal warrior
 18552 | D:11     | Killed a seven-headed hydra
 18663 | D:11     | Noticed a two-headed ogre
 18668 | D:11     | Killed a two-headed ogre
 18866 | D:11     | Quit the game

Vault maps used:
D:1:      lemuel_arrival_broad_hall
D:3:      roderic_serpentine_path, st_stairs_1, uniq_ijyb, uniq_terence
D:4:      serial_shops, shop, first_ration, minivault_23, minmay_misc_feat_chi,
          uniq_crazy_yiuf_cottage
D:5:      uniq_grinder
D:6:      serial_shops, shop, shop, shop, kennysheep_mini, shop, uniq_edmund
D:7:      temple_pool_b, uniq_menkaure
D:8:      lemuel_round_altar, david_nohive_1
D:9:      lair_entry_dummy, hiddenorc1_lemuel, basic_altar
D:10:     serial_undead, serial_undead_c, serial_undead_f, serial_undead_e,
          serial_undead_e, minmay_radiant
D:11:     minmay_the_grid_triangle_9x9_rhombus_full_mashed,
          nicolae_twisting_strands, nrook_mini_vaults, tgw_sif, uniq_erolcha
Temple:   dpeg_three_leaves_temple

Skill      XL: |  1  2  3  4  5  6  7  8  9 10 11 |
---------------+----------------------------------+-----
Spellcasting   | 2 3 4 5 |  5.8
Earth Magic    | 5 6 7 9 10 11 12 13 | 13.5
Dodging        | 3 4 5 6 7 8 |  8.9
Fighting       | 1 2 4 5 6 |  6.9
Armour         | 2 4 6 |  6.0
Invocations    | 4 7 9 |  9.7
Stealth        | |  2.4
Transmutations | |  0.8

Action                   |  1- 3 |  4- 6 |  7- 9 | 10-12 || total
-------------------------+-------+-------+-------+-------++-------
Melee: Spear             |    17 |    13 |    46 |       ||    76
       Unarmed           |     1 |       |       |       ||     1
       Short sword       |    17 |    91 |     4 |       ||   112
       Rapier            |       |       |    38 |    75 ||   113
 Cast: Sandblast         |    48 |     5 |    53 |   106 ||   212
       Stone Arrow       |       |    36 |   105 |    86 ||   227
       Lee's Rapid Decon |       |       |     4 |    12 ||    16
 Abil: Heal Wounds       |     1 |     1 |     6 |     2 ||    10
Evoke: Wand              |       |       |    13 |    14 ||    27
       Lightning rod     |       |       |       |     4 ||     4
       Lamp of fire      |       |       |       |     1 ||     1
  Use: Scroll            |       |     5 |     3 |     2 ||    10
 Stab: Sleeping          |     5 |     1 |     1 |       ||     7
       Paralysed         |       |       |     7 |    18 ||    25
  Eat: Chunk             |     3 |    10 |    18 |    17 ||    48
       Ration            |       |     1 |     4 |     3 ||     8
Armor: Robe              |     6 |    15 |       |       ||    21
       Leather armour    |       |       |    34 |    33 ||    67
Dodge: Dodged            |    37 |    72 |   103 |   111 ||   323

Table legend:
 A = Spawn XP
 B = Non-spawn XP
 C = Spawn XP percentage of total XP
 D = Spawn monster count
 E = Non-spawn monster count
 F = Spawn count percentage of total count
 G = Total turns spent on level
                    A         B        C        D         E        F      G
               +---------+---------+-------+---------+---------+-------+---------
         Total |       0 |   18428 |   0.0 |       0 |     310 |   0.0 | 18866
               +---------+---------+-------+---------+---------+-------+---------
           D:1 |       0 |      30 |   0.0 |       0 |      18 |   0.0 |  1034
           D:2 |       0 |      66 |   0.0 |       0 |      19 |   0.0 |   869
           D:3 |       0 |     267 |   0.0 |       0 |      34 |   0.0 |  1844
           D:4 |       0 |     653 |   0.0 |       0 |      17 |   0.0 |  2093
           D:5 |       0 |     655 |   0.0 |       0 |      16 |   0.0 |  1438
           D:6 |       0 |    1419 |   0.0 |       0 |      42 |   0.0 |  2202
           D:7 |       0 |    1244 |   0.0 |       0 |      18 |   0.0 |  1664
           D:8 |       0 |    2626 |   0.0 |       0 |      40 |   0.0 |  2347
           D:9 |       0 |    2877 |   0.0 |       0 |      48 |   0.0 |  1652
          D:10 |       0 |    2563 |   0.0 |       0 |      23 |   0.0 |  2348
          D:11 |       0 |    6028 |   0.0 |       0 |      35 |   0.0 |  1358
               +---------+---------+-------+---------+---------+-------+---------
